AoeStats
← fat_dgk

Oasis

509265534Analyzed
4v4 RM · 5d ago on Sep 26, 2026· 18m 0s· 8 players
Game mode
Random Map
Map size
Large (8 player)
Population
200
Speed
Normal
Resources
Standard
Victory
Conquest
Starting age
Dark Age
Ending age
Imperial Age
RankedLock teamsTeams togetherTeam positionsShared explorationLock speedFull tech treeHidden civsTurbo modeCheats
Victory
Defeat
🇺🇸 Saxons · United States
1233
+15
🇨🇴 Teutons · Colombia
1217
+16
🇨🇴 Maya · Colombia
1217
+16
🇦🇺 Persians · Australia
1201
+16
🇺🇸 Mongols · United States
1243
-18
🇨🇳 Turks · China
1218
-16
🇨🇱 Poles · Chile
1203
-15
🇹🇷 Varangians · Türkiye
1168
-14
evertone
8:41 Feudal Age
12:26 Horse Collar
14:59 Double-Bit Axe
17:27 Gold Mining
17:28 Stone Mining
baha
10:52 Feudal Age
16:22 Castle Age
15:47 Double-Bit Axe
18:15 Scale Barding Armor
17:57 Horse Collar
fat_dgk
6:21 Loom
9:15 Feudal Age
10:17 Double-Bit Axe
13:18 Horse Collar
asbt5678
8:03 Loom
10:54 Feudal Age
15:06 Castle Age
13:59 Double-Bit Axe
Little Monster
7:28 Loom
10:24 Feudal Age
11:56 Double-Bit Axe
Caballero Cruzado
8:52 Loom
10:51 Feudal Age
12:23 Double-Bit Axe
16:07 Wheelbarrow
17:42 Scale Barding Armor
17:48 Forging
17:50 Bloodlines
christianperalta141
0:33 Loom
10:04 Feudal Age
11:42 Double-Bit Axe
theonlygriffin
8:14 Loom
10:15 Feudal Age
10:55 Double-Bit Axe
11:28 Horse Collar
15:31 Bloodlines
16:34 Scale Barding Armor
Connection lost

Rejoining the realm…

Still unreachable

The connection could not be restored.

Session expired

The server has moved on; the page needs a fresh start.